 Dungeon Crawl Stone Soup version 0.29.0 (webtiles) character file.

Game seed: 12373289581251372097

116 jagoly the Insei (level 5, -2/34 HPs)
             Began as an Octopode Transmuter on Sept 11, 2022.
             Splashed by a jelly's acid (6 damage)
             ... on level 4 of the Dungeon.
             The game lasted 00:10:58 (2601 turns).

jagoly the Insei (Octopode Transmuter)              Turns: 2601, Time: 00:10:58

Health: -2/34      AC: -6    Str:  9    XL:     5   Next: 0%
Magic:  3/8        EV: 20    Int: 17    God:
Gold:   131        SH:  0    Dex: 18    Spells: 2/8 levels left

rFire   . . .      SeeInvis .     - Unarmed
rCold   . . .      Faith    .   (shield currently unavailable)
rNeg    . . .      Spirit   .   (helmet currently unavailable)
rPois   .          Reflect  .   (no amulet)
rElec   .          Harm     .   g - ring of poison resistance
rCorr   .          Rampage  .   A - +4 ring of slaying
Will    .....                   (no ring)
Stlth   ++........              (no ring)
HPRegen 0.11/turn               (no ring)
MPRegen 0.11/turn               (no ring)
                                (no ring)
                                (no ring)

@: spider-form, wereblooded, corroded
A: venomous fangs, almost no armour, (amphibious), 8 rings, tiny, (camouflage
1), (gelatinous body 1), (nimble swimmer 1), (tentacles)
a: End Transformation


You were on level 4 of the Dungeon.
You were a venomous arachnid creature.
You visited 1 branch of the dungeon, and saw 4 of its levels.

You collected 131 gold pieces.

Inventory:

Hand Weapons
 n - a +2 trident of flaming
Missiles
 f - 18 stones
 k - 4 poisoned darts
 l - 5 boomerangs
 m - 6 atropa-tipped darts
Jewellery
 g - a ring of poison resistance (left front leg)
 A - a +4 ring of slaying (right front leg)
Wands
 y - a wand of flame (15)
Scrolls
 b - 3 scrolls of noise {unknown}
 d - 3 scrolls of teleportation {unknown}
 e - 5 scrolls of identify {unknown}
 i - 2 scrolls of immolation {unknown}
 q - 3 scrolls of brand weapon {unknown}
 r - a scroll of blinking {unknown}
 s - 3 scrolls of poison {unknown}
 v - a scroll of vulnerability {unknown}
 x - a scroll of summoning {unknown}
Potions
 a - a potion of lignification
 c - 2 potions of flight {unknown}
 h - 2 potions of heal wounds {unknown}
 j - 4 potions of curing {unknown}
 o - a potion of haste {unknown}
 p - 2 potions of berserk rage {unknown}
 t - a potion of cancellation {unknown}
 u - a potion of attraction {unknown}
 w - a potion of magic {unknown}
 z - 2 potions of brilliance {unknown}


   Skills:
 * Level 2.0 Fighting
 + Level 2.4 Dodging
 + Level 2.0 Stealth
 + Level 3.4 Unarmed Combat
 + Level 2.2 Spellcasting
 * Level 2.5 Transmutations
 + Level 0.0 Ice Magic
 * Level 2.3 Poison Magic


You had 2 spell levels left.
You knew the following spells:

 Your Spells              Type           Power      Damage    Failure   Level
A - Beastly Appendage     Tmut           20%        N/A       19%         1
P - Spider Form           Tmut/Pois      10%        N/A       41%         3
W - Wereblood             Tmut           10%        N/A       24%         2

Your spell library contained the following spells:

 Spells                   Type           Power      Damage    Failure   Level
 Passwall                 Tmut/Erth      5%         N/A       36%         2
 Sandblast                Erth           2%         2d4       38%         1
 Ignite Poison            Fire/Tmut/Pois 7%         N/A       50%         3
 Mephitic Cloud           Conj/Pois/Air  4%         N/A       61%         3
 Stone Arrow              Conj/Erth      2%         3d7       71%         3
 Ice Form                 Ice/Tmut       6%         N/A       88%         4


Dungeon Overview and Level Annotations

Branches:
Dungeon (4/15) Zot: 21400
 Temple: D:4-7

Altars:

Annotations:
D:4 3 runed translucent doors


Innate Abilities, Weirdness & Mutations

You are a venomous arachnid creature.
You have poisonous fangs.
You are tiny and dextrous.
Your spellcasting is less reliable in this form.
Your armour is entirely melded.
You are incapable of wielding weapons or throwing items.
You cannot wear most types of armour.
((You are amphibious.))
You can wear up to eight rings at the same time.
((Your skin changes colour to match your surroundings (Stealth+).))
((Your rubbery body absorbs attacks. (AC +1, EV +1)))
((You are camouflaged when in or above water. (Stealth+)))
((You have tentacles for arms and can constrict up to eight enemies at once.))


Message History

Your squeeze misses the jelly.
The jelly is moderately wounded.
The jelly closely misses you.
You tentacle-slap the jelly.
Your tentacles burn!
You pierce the jelly, but do no damage.
The jelly is heavily wounded.
The jelly closely misses you.
You barely miss the jelly.
The jelly is heavily wounded.
The jelly barely misses you.
You tentacle-slap the jelly but do no damage.
Your tentacles burn!
* * * LOW HITPOINT WARNING * * *
You pierce the jelly, but do no damage.
The jelly is heavily wounded.
The jelly closely misses you.
You barely miss the jelly.
The jelly is heavily wounded.
The jelly barely misses you.
Aiming: Throw Flame
Press: ? - help, Shift-Dir - straight line, f - jelly
Aim: a jelly (heavily wounded, 100% to hit)
The puff of flame hits the jelly.
The jelly is heavily wounded.
The jelly hits you.
* * * LOW HITPOINT WARNING * * *
You are splashed with acid.
* * * LOW HITPOINT WARNING * * *
Unknown command.
Okay, then.
Okay, then.
Okay, then.
Cast which spell? (? or * to list)
The spell is quite dangerous to miscast (21% risk of failure)!
Continue anyway?
Your tentacle spike disappears.
You turn into a venomous arachnid creature.
The jelly hits you.
* * * LOW HITPOINT WARNING * * *
You are splashed with acid.
You die...

#.####...######..###
#.......#.....
####.#.......###W
#.##.#........
#.##..........
#######.....<.....#
........####....#
#######..##.J..#
##.#.s#### #.#.##
#...# #......#
#......# .........#
..........#
PZ.#......#
...#......#


You could see a jelly.

Vanquished Creatures
  Jessica (D:2)
  3 adders
  2 worms
  4 orcs (D:3)
  2 endoplasms
  A giant cockroach (D:3)
  7 goblins
  10 hobgoblins
  4 quokkas
  4 ball pythons
  3 bats
  2 frilled lizards
  6 kobolds
  3 rats
52 creatures vanquished.

Notes
Turn   | Place    | Note
-------+----------+-------------------------------------------
     0 | D:1      | jagoly the Octopode Transmuter began the quest for the Orb.
     0 | D:1      | Reached XP level 1. HP: 13/13 MP: 3/3
    95 | D:1      | Reached XP level 2. HP: 12/18 MP: 3/5
    98 | D:1      | Learned a level 2 spell: Wereblood
   351 | D:1      | Reached skill level 1 in Poison Magic
   643 | D:1      | Got the Guide on the Noxious Welkin
  1122 | D:2      | Reached skill level 1 in Stealth
  1152 | D:2      | Reached XP level 3. HP: 15/23 MP: 4/6
  1361 | D:2      | Found a faded altar of an unknown god.
  1504 | D:2      | Noticed Jessica
  1515 | D:2      | Killed Jessica
  1516 | D:2      | Reached XP level 4. HP: 21/29 MP: 5/7
  1800 | D:2      | Learned a level 3 spell: Spider Form
  2493 | D:3      | Reached XP level 5. HP: 34/34 MP: 3/8
  2536 | D:4      | Found a runed translucent gate.
  2539 | D:4      | Found a runed translucent gate.
  2540 | D:4      | Found a runed translucent gate.
  2588 | D:4      | Noticed a phantom
  2601 | D:4      | Splashed by a jelly's acid

Illustrated notes

Levels and vault maps discovered:
D:1:      psy_arrival_spokes, layout_basic, minivault_19, st_stairs_1,
          minmay_3d_cube
D:2:      layout_loops_ring, nicolae_ecumenical_lake_church, uniq_jessica
D:3:      layout_loops_cross
D:4:      layout_rooms, nicolae_overflow_hidden_temple, serial_undead,
          serial_undead_c, serial_undead_b, serial_undead_e, serial_undead_b,
          gammafunk_ghost_necromancy, uniq_pikel, uniq_blork_the_orc, uniq_ijyb

Skill      XL: |  1  2  3  4 |
---------------+-------------+-----
Poison Magic   | 1 2 |  2.3
Stealth        | 1 2 |  2.0
Fighting       | 2 |  2.0
Dodging        | |  2.4
Unarmed Combat | |  3.4
Spellcasting   | |  2.2
Transmutations | |  2.5

Action                   |  1- 3 |  4- 6 || total
-------------------------+-------+-------++-------
Melee: Unarmed           |    61 |    54 ||   115
       Constrict         |    20 |     6 ||    26
       Kick              |    13 |    17 ||    30
       Tentacles         |    12 |     4 ||    16
       Punch             |       |     1 ||     1
 Cast: Beastly Appendage |    19 |    13 ||    32
       Wereblood         |     2 |     4 ||     6
       Spider Form       |       |     3 ||     3
Evoke: Wand              |       |     1 ||     1
 Stab: Sleeping          |     3 |     3 ||     6
Armor: Skin              |     6 |       ||     6
Dodge: Dodged            |    41 |    27 ||    68
